 Dungeon Crawl Stone Soup version 0.31.0-12-g77e489cdc1 (webtiles) character file.

Game seed: 12229854495630233498

10269 hawla the Severer (level 11, -4/86 HPs)
             Began as a Minotaur Fighter on Feb 17, 2024.
             Was a Believer of Yredelemnul.
             Slain by a four-headed hydra (5 damage)
             ... on level 10 of the Dungeon.
             The game lasted 00:22:13 (8250 turns).

hawla the Severer (Minotaur Fighter)                Turns: 8250, Time: 00:22:14

Health: -4/86      AC: 13    Str: 25    XL:     11   Next: 34%
Magic:  10/10      EV: 14    Int:  5    God:    Yredelemnul [**....]
Gold:   142        SH:  7    Dex: 10    Spells: 10/10 levels left

rFire   + . .        B - +0 scimitar (flame)
rCold   + . .        c - +2 buckler
rNeg    . . .        k - +0 chain mail
rPois   .            (helmet restricted)
rElec   .            i - scarf {rC+ rF+}
rCorr   +            (no gloves)
SInv    .            (no boots)
Will    .....        o - amulet of the acrobat Stlth
                     e - +5 ring of evasion
HPRegen 0.34/turn    m - ring of resist corrosion
MPRegen 0.12/turn

%: acrobat
@: no status effects
A: horns 2, retaliatory headbutt
a: Renounce Religion, Recall Undead Harvest, Dark Bargain


You were on level 10 of the Dungeon.
You worshipped Yredelemnul.
Yredelemnul was noncommittal.
You visited 2 branches of the dungeon, and saw 11 of its levels.

You collected 580 gold pieces.
You spent 438 gold pieces at shops.

Inventory:

Hand Weapons
 a - a +3 vampiric war axe
 B - a +0 scimitar of flaming (weapon)
Missiles
 h - 36 poisoned darts (quivered)
 t - 5 throwing nets
 w - 8 curare-tipped darts
Armour
 c - a +2 buckler (worn)
 i - a scarf of resistance (worn)
 k - a +0 chain mail (worn)
Jewellery
 e - a +5 ring of evasion (left hand)
 l - a ring of fire
 m - a ring of resist corrosion (right hand)
 o - an amulet of the acrobat (around neck)
 y - a +4 ring of protection
 z - a ring of protection from fire
Wands
 j - a wand of iceblast (18)
 n - a wand of digging (6)
 A - a wand of flame (9)
Scrolls
 g - a scroll of fear
 p - a scroll of enchant armour
 r - a scroll of blinking
 v - 4 scrolls of teleportation
 x - a scroll of vulnerability
Potions
 b - 6 potions of curing
 d - 2 potions of might
 f - 2 potions of cancellation
 q - a potion of haste
 s - a potion of heal wounds
 u - a potion of attraction


   Skills:
 - Level 5.0 Fighting
 + Level 15.7 Axes
 - Level 14.0 Armour
 - Level 5.0 Shields


You had 10 spell levels left.
You didn't know any spells.
Your spell library was empty.

Dungeon Overview and Level Annotations

Branches:
Dungeon (10/15)            Temple (1/1) D:7
   Lair: D:8-11         Orc: D:9-12

Altars:
Ashenzari
Cheibriados
Dithmenos
Elyvilon
Fedhas
Gozag
Hepliaklqana
Kikubaaqudgha
Makhleb
Nemelex Xobeh
Okawaru
Qazlal
Ru
Sif Muna
Trog
Uskayaw
Vehumet
Wu Jian
Xom
Yredelemnul
Zin
The Shining One

Shops:
D:2 :   D:3 !=(*:   D:4 [   D:5 :(!=?

Annotations:
D:4 3 runed translucent doors, bronco's ghost, amateur FoNe


Innate Abilities, Weirdness & Mutations

You have a pair of horns on your head.
You reflexively headbutt those who attack you in melee.


Message History

The six-headed hydra bites you but does no damage. x2
You block the six-headed hydra's attack.
The six-headed hydra bites you. x2
Your orc priest zombie barely misses the six-headed hydra.
The six-headed hydra bites you but does no damage.
The six-headed hydra closely misses you.
The six-headed hydra barely misses you. The six-headed hydra misses you.
The six-headed hydra bites you! x2
Your orc zombie barely misses the six-headed hydra.
You chop one of the six-headed hydra's heads off!
The flame cauterises the wound!
You slash the five-headed hydra! You burn the five-headed hydra.
You headbutt the five-headed hydra.
The five-headed hydra is heavily wounded.
Your orc priest zombie hits the five-headed hydra.
The five-headed hydra barely misses you.
The five-headed hydra closely misses you.
You block the five-headed hydra's attack.
The five-headed hydra bites you but does no damage.
The five-headed hydra bites you!
Your orc zombie hits the five-headed hydra.
You hack one of the five-headed hydra's heads off!
The flame cauterises the wound!
You slash the four-headed hydra! You burn the four-headed hydra.
The four-headed hydra is severely wounded.
The four-headed hydra bites you!
* * * LOW HITPOINT WARNING * * *
The four-headed hydra bites you but does no damage.
The four-headed hydra bites you!
* * * LOW HITPOINT WARNING * * *
The four-headed hydra bites you.
* * * LOW HITPOINT WARNING * * *
Your orc priest zombie hits the four-headed hydra.
Your orc zombie hits the four-headed hydra.
The four-headed hydra bites you but does no damage.
The four-headed hydra bites you!
* * * LOW HITPOINT WARNING * * *
You block the four-headed hydra's attack.
The four-headed hydra bites you.
You die...
Your body rises from the dead as a mindless zombie.

.####''#.# #..#.####.)#
#... .........#
###.##....#..# #...
.........# ##...#.....#..#
#.##
.........###..#.#..####..#
#.#.
...........Z....#..#.....#
#.#.
.....##########.#..'.....#
#.#.
.....#).#Z.#..'....#.......
..#.
.....#..'..'..#.Z..#.......
[.#.
.....##'#######Z@Z.########
..#. .###.#..#
+..#.D.......... #. .#
#.#.Z# #D.#............ ..
.# #.##'####C##............
..
.###.#..Z8Z'..#))..........
.
.....#..#Z8#..#)).>........
.
.###.##########............
# .#
#.......................
.#######......#............


You could see a four-headed hydra (ally target), a friendly ugly thing zombie, a
friendly orc zombie and a friendly orc priest zombie.

Vanquished Creatures
  A centaur warrior (D:10)
  A boulder beetle (D:10)
  2 two-headed ogres
  Pikel (D:8)
  An ugly thing (D:10)
  Maurice (D:7)
  An efreet (D:10)
  A troll (D:9)
  2 hornets
  Prince Ribbit (D:8)
  Sigmund (D:5)
  A shadow (D:9)
  3 yaks (D:9)
  A wyvern (D:9)
  A steam dragon (D:7)
  A human (D:10)
  An acid dragon (D:10)
  A water moccasin (D:5)
  2 orc warriors (D:7)
  A black bear (D:6)
  2 ice beasts (D:7)
  2 sky beasts (D:7)
  An ogre (D:6)
  12 centaurs
  A wolf (D:5)
  A lemure (D:8)
  A phantom (D:6)
  5 kobold brigands
  5 bullfrogs
  A gnoll sergeant (D:5)
  5 scorpions
  9 killer bees (D:9)
  4 howler monkeys
  13 hounds
  5 orc priests
  2 iguanas
  A jelly (D:8)
  3 gnoll boudas (D:5)
  3 sleepcaps
  6 orc wizards
  Robin (D:2)
  24 gnolls
  4 adders
  8 ribbon worms
  3 dart slugs
  17 orcs
  8 ball pythons
  3 bats (D:2)
  6 endoplasms
  4 giant cockroaches
  12 goblins
  9 hobgoblins
  7 jackals
  A quokka (D:3)
  2 frilled lizards (D:2)
  A goblin skeleton (D:10)
  26 kobolds
  A kobold skeleton (D:10)
  3 rats
247 creatures vanquished.

Vanquished Creatures (others)
  A centaur zombie (D:10)
  An orc wizard (D:7)
2 creatures vanquished.

Grand Total: 249 creatures vanquished

Notes
Turn   | Place    | Note
-------+----------+-------------------------------------------
     0 | D:1      | hawla the Minotaur Fighter began the quest for the Orb.
     0 | D:1      | Reached XP level 1. HP: 19/19 MP: 0/0
   253 | D:1      | Reached XP level 2. HP: 27/27 MP: 1/1
   926 | D:2      | Noticed Robin
   973 | D:2      | Reached skill level 3 in Axes
   974 | D:2      | Reached XP level 3. HP: 33/33 MP: 2/2
   997 | D:2      | Killed Robin
  1059 | D:2      | Reached XP level 4. HP: 29/41 MP: 3/3
  1320 | D:2      | Found Atuck's Book Emporium.
  1348 | D:2      | Reached XP level 5. HP: 47/47 MP: 4/4
  1639 | D:3      | Found Kitwaggo's Weapon Emporium.
  1651 | D:3      | Reached skill level 5 in Fighting
  1651 | D:3      | Reached skill level 5 in Shields
  1670 | D:3      | Reached skill level 5 in Armour
  1793 | D:3      | Found a blossoming altar of Fedhas.
  1812 | D:3      | Found Toyw's General Store.
  1878 | D:3      | Found Oquol's Distillery.
  1890 | D:3      | Bought a potion of curing for 36 gold pieces
  1890 | D:3      | Bought a potion of cancellation for 96 gold pieces
  1890 | D:3      | Bought a potion of lignification for 36 gold pieces
  2127 | D:3      | Found a faded altar of an unknown god.
  2203 | D:3      | Found Rasowyn's Jewellery Shop.
  2305 | D:3      | Found Qita's Book Shoppe.
  2343 | D:3      | Found a sparkling altar of Nemelex Xobeh.
  2613 | D:4      | Reached XP level 6. HP: 55/56 MP: 5/5
  2946 | D:4      | Found a runed translucent gate.
  2946 | D:4      | Found a runed translucent gate.
  2946 | D:4      | Found a runed translucent gate.
  2947 | D:4      | Noticed bronco's ghost (amateur FoNe)
  2966 | D:4      | Found Siam's Armour Emporium.
  3145 | D:5      | Entered Level 5 of the Dungeon
  3145 | D:5      | Found Woziaru's Distillery.
  3172 | D:5      | Reached XP level 7. HP: 26/61 MP: 6/6
  3325 | D:5      | Bought a potion of heal wounds for 75 gold pieces
  3348 | D:5      | Noticed Sigmund
  3350 | D:5      | Noticed a hornet
  3355 | D:5      | Paralysed by a hornet for 1 turns
  3359 | D:5      | Killed Sigmund
  3361 | D:5      | Killed a hornet
  3362 | D:5      | Reached skill level 10 in Armour
  3362 | D:5      | Reached XP level 8. HP: 47/68 MP: 7/7
  3594 | D:5      | Found Adileng's Jewellery Emporium.
  3650 | D:5      | Found an ancient bone altar of Kikubaaqudgha.
  3819 | D:5      | Found Dyappach's Book Boutique.
  3836 | D:5      | Found Omehur's Antique Weapon Boutique.
  3941 | D:5      | Found a glowing golden altar of the Shining One.
  4045 | D:5      | Found Anibeimm's Magic Scroll Shoppe.
  4048 | D:5      | Bought a scroll of teleportation for 30 gold pieces
  4093 | D:5      | Found a hide-covered altar of Uskayaw.
  4302 | D:6      | Reached XP level 9. HP: 74/74 MP: 8/8
  4482 | D:6      | Found a shadowy altar of Dithmenos.
  4634 | D:6      | Found a broken altar of Ashenzari.
  4809 | D:7      | Reached skill level 4 in Axes
  4834 | D:7      | Noticed Maurice
  4839 | D:7      | Something stole 12 poisoned darts
  4840 | D:7      | Something stole a ring of fire
  4840 | D:7      | Something stole 51 gold
  4842 | D:7      | Something stole 84 gold
  4850 | D:7      | Killed Maurice
  4851 | D:7      | Reached skill level 5 in Axes
  4854 | D:7      | Reached skill level 6 in Axes
  5079 | D:7      | Reached skill level 7 in Axes
  5128 | D:7      | Found a staircase to the Ecumenical Temple.
  5198 | Temple   | Entered the Ecumenical Temple
  5224 | D:7      | Reached skill level 8 in Axes
  5282 | D:7      | Found a snail-covered altar of Cheibriados.
  5375 | D:7      | Reached skill level 9 in Axes
  5432 | D:7      | Reached XP level 10. HP: 67/81 MP: 9/9
  5474 | D:7      | Reached skill level 10 in Axes
  5906 | D:5      | Bought a potion of enlightenment for 75 gold pieces
  5906 | D:5      | Bought a potion of curing for 45 gold pieces
  5906 | D:5      | Bought a potion of curing for 45 gold pieces
  6085 | D:8      | Noticed Prince Ribbit
  6097 | D:8      | Killed Prince Ribbit
  6204 | D:8      | Found an opulent altar of Gozag.
  6412 | D:8      | Noticed Pikel
  6421 | D:8      | Killed Pikel
  6422 | D:8      | Reached skill level 11 in Axes
  6776 | D:9      | Noticed a two-headed ogre
  6779 | D:9      | Reached skill level 12 in Axes
  6786 | D:9      | Killed a two-headed ogre
  6787 | D:9      | Reached skill level 13 in Axes
  6950 | D:9      | Identified the +1 scale mail of Ilyvuadd {rN+ Dex+2}
  7142 | D:9      | Found a white marble altar of Elyvilon.
  7334 | D:9      | Reached skill level 14 in Axes
  7448 | D:9      | Found a stormy altar of Qazlal.
  7578 | D:10     | Entered Level 10 of the Dungeon
  7685 | D:10     | Reached XP level 11. HP: 86/86 MP: 10/10
  7718 | D:10     | Found a runed translucent door.
  7721 | D:10     | Found a basalt altar of Yredelemnul.
  7722 | D:10     | Noticed a two-headed ogre
  7730 | D:10     | Killed a two-headed ogre
  7890 | D:10     | Became a worshipper of Yredelemnul the Dark
  8012 | D:10     | Found a runed translucent door.
  8012 | D:10     | Noticed a centaur warrior
  8013 | D:10     | Noticed a boulder beetle
  8020 | D:10     | Killed a centaur warrior
  8020 | D:10     | Reached * piety under Yredelemnul
  8021 | D:10     | Reached skill level 15 in Axes
  8049 | D:10     | Killed a boulder beetle
  8088 | D:10     | Noticed a red ugly thing
  8098 | D:10     | Killed a red ugly thing
  8098 | D:10     | Reached ** piety under Yredelemnul
  8098 | D:10     | Reached *** piety under Yredelemnul
  8116 | D:10     | Noticed a seven-headed hydra
  8116 | D:10     | Noticed a fire giant
  8250 | D:10     | HP: 1/86 [four-headed hydra (7)]
  8250 | D:10     | Slain by a four-headed hydra

Illustrated notes

Levels and vault maps discovered:
D:1:      minmay_arrival_loop, layout_basic, nrook_uturn,
          chequers_serial_rivers_micro_a
D:2:      layout_rooms, serial_shops, nicolae_shop_real_fake_doors, uniq_robin
D:3:      layout_basic, fedhas_altar_2, mainiacjoe_overflow_brackets,
          dreamdust_ecumenical_altar_statues, serial_shops,
          nicolae_shop_hallway_stairs, shop, nicolae_shop_gaudy_bauble,
          nicolae_shop_bloodbath_and_beyond, nicolae_shop_hallway_plus
D:4:      layout_cave_pools, gammafunk_ghost_necromancy, serial_shops,
          nicolae_shop_stone
D:5:      layout_cave_pools, lemuel_tele_altar, nicolae_overflow_crystal_walls,
          marbit_many_paths, serial_gnoll_camp, gnoll_camp_medium_01,
          gnoll_camp_mini_shop, gnoll_camp_mini_doghouse,
          gnoll_camp_mini_doghouse, gnoll_camp_mini_basic, serial_shops,
          nicolae_shop_behind_doors, nicolae_shop_tiny_real_fake_doors,
          nicolae_shop_tiny_waterfront,
          nicolae_shop_temple_entry_statues_fountains, uniq_sigmund
D:6:      layout_rooms, cheibrodos_ashenzari_chains,
          nicolae_dithmenos_through_a_glass_darkly,
          kennysheep_opposing_triangles
D:7:      layout_loops_ring, slow_altar_1, minmay_temple_entry_poolview,
          centaur_isle, uniq_maurice
D:8:      layout_loops_cross, mainiacjoe_overflow_small_starburst, uniq_pikel,
          uniq_prince_ribbit1
D:9:      layout_roguey, grunt_qazlal_clouds, lemuel_crystal_altar,
          kennysheep_generic_room_9
D:10:     layout_irregular_city, dk_yredelemnul_ordeal, minivault_13,
          uniq_josephine
Temple:   chequers_temple_sunken

Skill      XL: |  1  2  3  4  5  6  7  8  9 10 11 |
---------------+----------------------------------+-----
Armour         | 4 5 7 10 13 14 | 14.0
Shields        | 4 5 |  5.0
Fighting       | 4 5 |  5.0
Axes           | 3 9 14 15 | 15.7

Action                     |  1- 3 |  4- 6 |  7- 9 | 10-12 || total
---------------------------+-------+-------+-------+-------++-------
  Melee: War axe           |    40 |   117 |   181 |   141 ||   479
         Headbutt          |    10 |    15 |    36 |    36 ||    97
         Scimitar          |       |       |       |     8 ||     8
  Throw: Dart              |       |     1 |     7 |    11 ||    19
 Invoke: Recall Undead Har |       |       |       |     1 ||     1
  Evoke: Wand              |       |       |     3 |     3 ||     6
    Use: Scroll            |     4 |     4 |     5 |     6 ||    19
         Potion            |       |     2 |     5 |     1 ||     8
   Stab: Distracted        |       |     1 |     1 |     2 ||     4
 Armour: Scale mail        |    27 |    16 |       |       ||    43
         Chain mail        |       |    60 |    98 |    89 ||   247
         Skin              |       |       |    18 |       ||    18
  Dodge: Dodged            |    45 |    75 |   149 |    97 ||   366
  Block: Buckler           |    11 |    40 |    81 |    51 ||   183
